 Dungeon Crawl Stone Soup version 0.30-a0-46-g5a63ccc183 (webtiles) character file.

Game seed: 2190216489181222139

4 MrFrogsmire the Trooper (level 1, -1/18 HPs)
             Began as a Demonspawn Berserker on Sept 2, 2022.
             Was a Follower of Trog.
             Succumbed to an adder's poison
             ... on level 2 of the Dungeon.
             The game lasted 00:01:28 (146 turns).

MrFrogsmire the Trooper (Demonspawn Berserker)       Turns: 146, Time: 00:01:29

Health: -1/18      AC:  2    Str: 17    XL:     1   Next: 58%
Magic:  1/1        EV: 12    Int:  8    God:    Trog [*.....]
Gold:   14         SH:  0    Dex: 12    Spells: 0/0 levels left

rFire   . . .      SeeInvis .    a - +0 spear
rCold   . . .      Faith    .    (no shield)
rNeg    . . .      Spirit   .    b - +0 animal skin
rPois   .          Reflect  .    (no helmet)
rElec   .          Harm     .    (no cloak)
rCorr   .          Rampage  .    (no gloves)
Will    .....                    (no boots)
Stlth   +.........               (no amulet)
HPRegen 0.06/turn                (no ring)
MPRegen 0.07/turn                (no ring)

@: lethally poisoned (-1 -> -11)
A: no striking features
a: Renounce Religion, Berserk


You were on level 2 of the Dungeon.
You worshipped Trog.
Trog was aware of your devotion.
You visited 1 branch of the dungeon, and saw 2 of its levels.

You collected 14 gold pieces.

Inventory:

Hand Weapons
 a - a +0 spear (weapon)
 f - a +0 sling
Missiles
 g - 4 stones (quivered)
Armour
 b - a +0 animal skin (worn)
Scrolls
 c - a scroll of blinking {unknown}
 d - a scroll of teleportation {unknown}
Potions
 e - a potion of degeneration {unknown}


   Skills:
 + Level 3.1 Fighting
 + Level 2.9 Polearms
 + Level 1.7 Armour
 + Level 1.7 Dodging


You couldn't memorise any spells.
You didn't know any spells.
Your spell library was empty.

Dungeon Overview and Level Annotations

Branches:
Dungeon (2/15)

Altars:


Message History

You barely miss the kobold. The kobold hits you but does no damage.
You closely miss the kobold.
The frilled lizard hisses angrily.
The kobold hits you with a +0 short sword.
You hit the kobold.
You kill the kobold!
Trog accepts your kill.
You hit the frilled lizard but do no damage.
The frilled lizard barely misses you.
You hit the frilled lizard.
You kill the frilled lizard!
Trog accepts your kill.
Things that are here:
a +0 short sword; a kobold corpse
Things that are here:
a +0 short sword; a kobold corpse You see here 4 stones.
g - 4 stones
There is a stone staircase leading down here.
You climb downwards.
There is a stone staircase leading up here.
An adder comes into view.
Found a stone staircase leading up.
A bat comes into view.
The adder hisses angrily.
You closely miss the adder. The adder bites you.
You are poisoned.
The adder poisons you! The adder closely misses you.
You hit the adder but do no damage.
* * * LOW HITPOINT WARNING * * *
You feel sick. The adder bites you.
* * * LOW HITPOINT WARNING * * *
You closely miss the adder.
* * * LOW HITPOINT WARNING * * *
You feel sick. The adder bites you.
* * * LOW HITPOINT WARNING * * *
You are more poisoned.
The adder poisons you!
You hit the adder but do no damage.
You die...

.##... ..... ....
#.. #.# ####.#
###....# #..<##.#
......####@#
..#..##..bS.......
##......<.......
.###......#.... .
......### ... ..
....##.# .. .....
#.# . ..... #..


You could see an adder and a bat.

Vanquished Creatures
  A bat (D:1)
  A hobgoblin (D:1)
  A frilled lizard (D:1)
  A kobold (D:1)
  A rat (D:1)
5 creatures vanquished.

Notes
Turn   | Place    | Note
-------+----------+-------------------------------------------
     0 | D:1      | MrFrogsmire the Demonspawn Berserker began the quest for
                  | the Orb.
     0 | D:1      | Reached XP level 1. HP: 18/18 MP: 1/1
   146 | D:2      | Succumbed to an adder's poison

Illustrated notes

Levels and vault maps discovered:
D:1:      minmay_arrival_cross, layout_basic
D:2:      minmay_inner_zag, layout_rooms

Action                   || total
-------------------------++-------
Melee: Spear             ||    14
Throw: Stone             ||     7
       Throwing net      ||     1
Armor: Animal skin       ||     2
Dodge: Dodged            ||     8

Table legend: (Time is in decaauts)
 A = Elapsed time spent in this place.
 B = Non-inter-level travel time spent in this place.
 C = Inter-level travel time spent in this place.
 D = Time resting spent in this place.
 E = Time spent auto-exploring this place.
 F = Levels seen in this place.
 G = Mean time per level.
                   A        B        C        D        E       F      G
               +--------+--------+--------+--------+--------+-----+--------+
         Total |    145 |     51 |     94 |      0 |      0 |   2 |   72.5 |
       Dungeon |    145 |     51 |     94 |      0 |      0 |   2 |   72.5 |
               +--------+--------+--------+--------+--------+-----+--------+

Top non-repeatable levels by time:
     D:1: 137 daAuts
     D:2: 8 daAuts
